 Dungeon Crawl Stone Soup version 0.26-a0-667-g92642533e4 (webtiles) character file.

Game seed: 9912661023170736711

378 miscthings the Fighter (level 7, -1/58 HPs)
             Began as a Kobold Berserker on Oct 17, 2020.
             Was a Believer of Trog.
             Slain by an orc
             ... wielding a +0 short sword
              (2 damage)
             ... on level 5 of the Dungeon.
             The game lasted 00:04:47 (3336 turns).

miscthings the Fighter (Kobold Berserker)           Turns: 3336, Time: 00:04:48

Health: -1/58      AC:  4    Str: 14    XL:     7   Next: 4%
Magic:  7/7        EV: 15    Int: 11    God:    Trog [**....]
Gold:   196        SH:  0    Dex: 14    Spells: 6/6 levels left

rFire    + . .     SeeInvis .   k - +2 dagger (drain)
rCold    + . .     Faith    .   (shield restricted)
rNeg     . . .     Spirit   .   b - +0 animal skin
rPois    +         Reflect  .   (no helmet)
rElec    +         Harm     .   j - +0 cloak
rCorr    +         Rampage  .   (no gloves)
MR       .....                  f - +0 pair of boots
Stlth    ++........             (no amulet)
HPRegen  0.19/turn              (no ring)
MPRegen  0.10/turn              (no ring)

@: confused, resistant, berserk cooldown, hasted and slowed
A: small, nightstalker 3
a: Berserk, Trog's Hand, Renounce Religion


You were on level 5 of the Dungeon.
You worshipped Trog.
Trog was pleased with you.
You visited 1 branch of the dungeon, and saw 6 of its levels.

You collected 196 gold pieces.

Inventory:

Hand Weapons
 k - a +2 dagger of draining (weapon)
Armour
 b - a +0 animal skin (worn)
 f - a +0 pair of boots (worn)
 j - a +0 cloak (worn)
Scrolls
 c - a scroll of identify {@r1}
 d - 6 scrolls of teleportation
 e - a scroll of remove curse {unknown}
 g - a scroll of amnesia {unknown}
 n - a scroll of magic mapping {unknown}
 o - a scroll of enchant weapon {unknown}
 p - 2 scrolls of fear
Potions
 h - 5 potions of lignification
 i - a potion of stabbing
 l - 2 potions of brilliance


   Skills:
 - Level 13.6 Fighting
 + Level 8.2 Short Blades
 - Level 1.5 Armour
 - Level 2.4 Dodging


You had 6 spell levels left.
You didn't know any spells.
Your spell library was empty.

Dungeon Overview and Level Annotations

Branches:
Dungeon (6/15)
 Temple: D:4-7

Altars:
Elyvilon
Qazlal
Vehumet
Xom
Yredelemnul


Innate Abilities, Weirdness & Mutations

You are small and have problems with some larger weapons.
You are completely attuned to the shadows.


Message History

The orc hits you but does no damage. x2
You hear some strange, mumbled words.
Something tries to affect you, but you resist.
Something barely misses you.
You hit the worker ant.
The worker ant is almost dead.
The orc priest looks satisfied for a moment.
The orc hits you with a +0 hand axe.
* * * LOW HITPOINT WARNING * * *
The worker ant bites you but does no damage.
You completely miss something. The orc misses you. x2
Something barely misses you. Something hits you.
* * * LOW HITPOINT WARNING * * *
You hit the orc priest. You drain the orc priest.
The orc priest is severely wounded.
The orc priest hits you with a +0 club.
* * * LOW HITPOINT WARNING * * *
The worker ant barely misses you. The orc closely misses you.
The orc hits you with a +0 short sword.
You die...

#.#. ....o
# #....
...
.#...##.#
.....o..#
...oBo#.#
...ro@{.#
....o.o.#
..#...)$..
..#.##....
.. ..##


You could see a worker ant, an orc priest (drained), an orc wizard, 4 orcs and a
quokka.

Vanquished Creatures
  Crazy Yiuf (D:3)
  An orc priest (D:4)
  8 adders
  An ooze (D:4)
  A worm (D:2)
  2 dart slugs
  2 leopard geckos
  6 orcs
  2 ball pythons (D:3)
  6 bats
  2 giant cockroaches
  4 goblins
  4 hobgoblins
  3 quokkas
  A frilled lizard (D:1)
  3 kobolds
  5 rats
52 creatures vanquished.

Notes
Turn   | Place    | Note
-------+----------+-------------------------------------------
     0 | D:1      | miscthings the Kobold Berserker began the quest for the
                  | Orb.
     0 | D:1      | Reached XP level 1. HP: 14/14 MP: 1/1
   309 | D:1      | Reached XP level 2. HP: 8/19 MP: 2/2
   699 | D:1      | You fall into a shaft and drop 1 floor!
   790 | D:2      | Reached skill level 5 in Short Blades
   886 | D:1      | Reached XP level 3. HP: 23/23 MP: 3/3
  1859 | D:2      | Reached XP level 4. HP: 18/28 MP: 4/4
  2194 | D:3      | Found a faded altar of an unknown god.
  2382 | D:3      | Reached ** piety under Trog
  2412 | D:3      | Found a stormy altar of Qazlal.
  2504 | D:3      | Found a runed translucent door.
  2507 | D:3      | Noticed Crazy Yiuf
  2512 | D:3      | Killed Crazy Yiuf
  2512 | D:3      | Reached XP level 5. HP: 32/32 MP: 5/5
  2778 | D:3      | Found a radiant altar of Vehumet.
  2778 | D:3      | Found a white marble altar of Elyvilon.
  2778 | D:3      | Found a basalt altar of Yredelemnul.
  3189 | D:4      | Found a shimmering altar of Xom.
  3270 | D:4      | Reached XP level 6. HP: 37/37 MP: 6/6
  3271 | D:4      | Reached skill level 13 in Fighting
  3271 | D:4      | Reached XP level 7. HP: 58/58 MP: 7/7
  3272 | D:4      | You fall into a shaft and drop 2 floors!
  3314 | D:5      | Entered Level 5 of the Dungeon
  3335 | D:5      | HP: 2/58 [something (1)]
  3336 | D:5      | Slain by an orc

Illustrated notes

Levels and vault maps discovered:
D:1:      dpeg_arrival_round_c, layout_basic
D:2:      layout_basic
D:3:      layout_basic, minitemple, chequers_ecumenical_altar_simple,
          uniq_crazy_yiuf_cottage
D:4:      layout_loops_corners, marbit_many_paths
D:5:      layout_basic, fedhas_ov_isle_minmay, uniq_edmund
D:6:      layout_cave_pools, minmay_temple_entry_enclosed_plants,
          roderic_batcave, grunt_ministairs_6, okawaru_ov_weapons_minmay

Skill      XL: |  1  2  3  4  5  6 |
---------------+-------------------+-----
Short Blades   | 5 6 7 8 |  8.2
Fighting       | 13 | 13.6
Armour         | |  1.5
Dodging        | |  2.4

Action                   |  1- 3 |  4- 6 |  7- 9 || total
-------------------------+-------+-------+-------++-------
Melee: Short sword       |    16 |       |       ||    16
       Dagger            |    37 |    75 |    12 ||   124
Invok: Berserk           |       |     1 |     1 ||     2
  Use: Scroll            |       |     7 |       ||     7
       Potion            |       |     1 |     2 ||     3
 Stab: Sleeping          |     6 |    11 |       ||    17
       Distracted        |     1 |       |       ||     1
Armor: Animal skin       |     8 |     5 |    11 ||    24
Dodge: Dodged            |    30 |    36 |    31 ||    97

Table legend: (Time is in decaauts)
 A = Elapsed time spent in this place.
 B = Non-inter-level travel time spent in this place.
 C = Inter-level travel time spent in this place.
 D = Time resting spent in this place.
 E = Time spent auto-exploring this place.
 F = Levels seen in this place.
 G = Mean time per level.
                   A        B        C        D        E       F      G
               +--------+--------+--------+--------+--------+-----+--------+
         Total |   3302 |   3225 |     77 |    369 |   2470 |   6 |  550.3 |
       Dungeon |   3302 |   3225 |     77 |    369 |   2470 |   6 |  550.3 |
               +--------+--------+--------+--------+--------+-----+--------+

Top non-repeatable levels by time:
     D:2: 1180 daAuts
     D:1: 964 daAuts
     D:3: 872 daAuts
     D:4: 225 daAuts
     D:6: 41 daAuts
     D:5: 18 daAuts
